[Event "Titled Tuesday Blitz November 29 Late 2022"]
[White "Forgacs, Attila Jr."]
[Black "Kalogeris, Ioannis"]
[WhiteFideId "773654"]
[BlackFideId "4239563"]
[WhiteElo "2168"]
[BlackElo "2312"]
[Result "0-1"]
[Round "07"]
[TimeControl "180+1"]
[Date "2022.11.30"]
[WhiteClock "0:00:05"]
[BlackClock "0:00:57"]

1. e4 e5 2. Nf3 Nc6 3. Bb5 a6 4. Ba4 b5 5. Bb3 Nf6 6. O-O Bc5 7. c3 d6 8. d4 Bb6 9. d5 Ne7 10. Nbd2 O-O 11. a4 Bd7 12. h3 Ng6 13. Re1 Nh5 14. Nf1 Nhf4 15. Be3 Qc8 16. Bxb6 cxb6 17. Ne3 bxa4 18. Bxa4 b5 19. Bc2 a5 20. c4 b4 21. Ba4 Bxa4 22. Rxa4 Qc5 23. b3 Ne7 24. Nh4 g6 25. Kh2 Nc8 26. g3 Nh5 27. Qg4 Ng7 28. f4 Nb6 29. f5 Nxa4 30. bxa4 Qd4 31. f6 Ne8 32. Nhf5 Nxf6 33. Nxd4 Nxg4+ 34. Nxg4 exd4 35. e5 dxe5 36. c5 f6 37. d6 Rfc8 38. Nxf6+ Kf7 39. Ne4 Ke6 40. Rf1 Kd5 41. d7 Rd8 42. Nf6+ Kxc5 43. Rc1+ Kd6 44. Ne4+ Kd5 45. Nf6+ Kd6 46. Ne4+ Ke7 47. Rc6 Rxd7 48. Nc5 Rd5 49. Re6+ Kf7 50. Rc6 d3 51. Rc7+ Kg8 52. Ne6 d2 53. Rg7+ Kh8 54. Rf7 d1=Q 55. Rf8+ Rxf8 0-1


[Site "https://www.chess.com"]

[Event "Titled Tuesday Blitz November 29 Late 2022"]
[White "Girel, Joseph"]
[Black "Mohammed, Zozek Salah Mohammed"]
[WhiteFideId "36033561"]
[BlackFideId "4803361"]
[WhiteElo "2281"]
[BlackElo "2199"]
[Result "0-1"]
[Round "07"]
[TimeControl "180+1"]
[Date "2022.11.30"]
[WhiteClock "0:00:51"]
[BlackClock "0:00:32"]

1. d4 d5 2. Nf3 Nf6 3. c4 c6 4. cxd5 cxd5 5. Nc3 Nc6 6. Bf4 Bf5 7. Rc1 e6 8. e3 Bb4 9. Qb3 O-O 10. Ne5 Nxe5 11. Bxe5 Bd6 12. Bxd6 Qxd6 13. Be2 Ne4 14. O-O Nxc3 15. Rxc3 b6 16. Rfc1 h6 17. Rc7 Bg6 18. h4 Rfd8 19. R1c6 Qf8 20. Rb7 Rdc8 21. Qc3 Rxc6 22. Qxc6 Rc8 23. Rc7 Rxc7 24. Qxc7 Qb4 25. Bf3 Qe1+ 26. Kh2 Qxf2 27. Qd8+ Kh7 28. h5 Be4 29. Bxe4+ dxe4 30. Qe7 Qf6 31. Qxf6 gxf6 32. Kg3 f5 33. Kf4 Kg7 34. Ke5 Kf8 35. d5 Ke7 36. d6+ Kd7 37. g3 a6 38. b4 b5 39. a3 Kc6 40. Kf6 Kxd6 41. Kxf7 e5 42. Kg6 f4 43. gxf4 exf4 44. exf4 e3 45. f5 e2 46. f6 e1=Q 47. f7 Qg3+ 48. Kh7 Ke7 0-1


[Site "https://www.chess.com"]

[Event "Titled Tuesday Blitz November 29 Late 2022"]
[White "Girsh, Daniel"]
[Black "Mekhitarian, Krikor Sevag"]
[WhiteFideId "30949190"]
[BlackFideId "2107660"]
[WhiteElo "2075"]
[BlackElo "2604"]
[Result "0-1"]
[Round "07"]
[TimeControl "180+1"]
[Date "2022.11.30"]
[WhiteClock "0:00:01"]
[BlackClock "0:01:03"]

1. e4 c5 2. Nf3 e6 3. d4 cxd4 4. Nxd4 Nc6 5. Nc3 a6 6. Be2 Nf6 7. O-O d6 8. Be3 Be7 9. f4 O-O 10. Qe1 Bd7 11. Qg3 b5 12. a3 Qb8 13. Rae1 b4 14. axb4 Qxb4 15. Nxc6 Bxc6 16. Bd3 Qxb2 17. Bd4 Qb4 18. Bxf6 Bxf6 19. e5 dxe5 20. fxe5 Bh4 21. Qh3 g6 22. Ne4 Bxe4 23. Rxe4 Qc5+ 24. Kh1 Bg5 25. Qg3 Bh6 26. h4 Bg7 27. h5 a5 28. Rfe1 a4 29. hxg6 hxg6 30. Rg4 a3 31. Rxg6 fxg6 32. Qxg6 Rf4 33. Qxe6+ Kf8 34. g3 Re8 35. Qg6 Rf2 36. e6 Qd5+ 37. Re4 Rf6 38. Qg4 Rexe6 39. Qh5 Qxh5+ 0-1


[Site "https://www.chess.com"]

[Event "Titled Tuesday Blitz November 29 Late 2022"]
[White "Goncalves, Davi Sulzbacher"]
[Black "Arnold, Ken"]
[WhiteFideId "2154510"]
[BlackFideId "2056836"]
[WhiteElo "2182"]
[BlackElo "2371"]
[Result "1/2-1/2"]
[Round "07"]
[TimeControl "180+1"]
[Date "2022.11.30"]
[WhiteClock "0:00:10"]
[BlackClock "0:00:33"]

1. d4 d5 2. Bf4 c6 3. e3 Nf6 4. Bd3 Bg4 5. f3 Bh5 6. g4 Bg6 7. h4 Bxd3 8. cxd3 e6 9. Ne2 Bd6 10. Qb3 Bxf4 11. Nxf4 Qb6 12. Qxb6 axb6 13. g5 Nfd7 14. Nh5 O-O 15. Nc3 e5 16. Kd2 exd4 17. exd4 Re8 18. f4 Na6 19. f5 Nc7 20. Nf4 g6 21. h5 gxf5 22. g6 Ne6 23. gxh7+ Kxh7 24. Nfe2 Rg8 25. Raf1 Rg2 26. Rxf5 Nxd4 27. Rxf7+ Kh8 28. Rxd7 Re8 29. Re1 Nf3+ 30. Kd1 Nxe1 31. Kxe1 Rg7 32. Rxg7 Kxg7 33. Kf2 Kh6 34. Ng3 Kg5 35. Nce2 c5 36. d4 Ra8 37. a3 Rf8+ 38. Ke3 Re8+ 39. Kd3 Kg4 40. dxc5 bxc5 41. h6 Rh8 42. Nf1 d4 43. b4 b6 44. Nd2 Rxh6 45. bxc5 bxc5 46. Ne4 Rh3+ 47. Kd2 Rxa3 48. Nxc5 Ra2+ 49. Kd3 Rxe2 50. Kxe2 Kf4 51. Kd3 Ke5 52. Nb3 Kd5 53. Nd2 Kc5 54. Nf1 Kb4 55. Ng3 Kb3 56. Ne2 Kb2 57. Nxd4 1/2-1/2


[Site "https://www.chess.com"]

[Event "Titled Tuesday Blitz November 29 Late 2022"]
[White "Gonzalez, Francisco Silva"]
[Black "Adury, Anant"]
[WhiteFideId "1512285"]
[BlackFideId "30964687"]
[WhiteElo "2159"]
[BlackElo "2187"]
[Result "1/2-1/2"]
[Round "07"]
[TimeControl "180+1"]
[Date "2022.11.30"]
[WhiteClock "0:00:23"]
[BlackClock "0:01:11"]

1. d4 c6 2. c4 d5 3. Nc3 Nf6 4. e3 g6 5. Nf3 Bg7 6. h3 O-O 7. a4 Bf5 8. a5 Ne4 9. Qb3 Nxc3 10. Qxb7 Nd7 11. bxc3 Nf6 12. Ne5 Bd7 13. Bd3 Ne4 14. Bxe4 Bxe5 15. dxe5 dxe4 16. O-O Qc8 17. Qxc8 Rfxc8 18. Rd1 Be6 19. c5 Kf8 20. Rd4 Rd8 21. Rb1 Rxd4 22. exd4 Bc8 23. Bh6+ Ke8 24. Kf1 Kd8 25. Ke2 Kc7 26. Ke3 Be6 27. g4 Bd5 28. Bg5 Rb8 29. Rxb8 Kxb8 30. Bxe7 Kc7 31. c4 Bxc4 32. Kxe4 a6 33. e6 Bxe6 34. Ke5 h5 35. gxh5 gxh5 36. h4 Kd7 37. Kf6 Bd5 38. f4 Ke8 39. f5 Bf3 40. Bd6 Be4 41. Be5 Bf3 42. Bf4 Be4 43. Kg5 Bf3 44. d5 cxd5 45. c6 Kd8 46. Kf6 Be4 47. c7+ Kc8 48. Kg5 d4 49. Kxh5 Bxf5 50. Kg5 Be4 51. h5 d3 52. Kf6 d2 53. Bxd2 Kxc7 54. Kxf7 Kb7 55. Kg7 Ka8 56. h6 Bd3 57. h7 Bxh7 58. Kxh7 Kb8 59. Kg6 Ka8 60. Kf5 Kb8 61. Ke6 Ka8 62. Be3 Kb8 63. Kd5 Ka8 64. Kc6 Kb8 65. Bd4 Ka8 66. Kb6 Kb8 67. Kxa6 Ka8 68. Bf6 Kb8 69. Bd8 Ka8 70. Kb5 Kb8 71. Bb6 Ka8 72. a6 Kb8 73. Kc6 Ka8 74. Bd4 Kb8 75. Be5+ Ka8 76. Kb5 Ka7 77. Ka5 Ka8 78. Bd4 Kb8 79. Kb5 Ka8 80. Kc6 Kb8 81. Be3 Ka8 82. Bf2 Kb8 83. Bg1 Ka8 84. Kb5 Kb8 85. Bh2+ Ka8 86. Bg3 Ka7 87. Bh4 Ka8 88. Bg5 Kb8 89. Bf6 Ka8 90. Be7 Kb8 91. Bf8 Ka8 92. Bg7 Kb8 93. Bh6 Ka8 94. Bg5 Kb8 95. Bh4 Ka8 96. Bg3 Ka7 97. Bf2+ Ka8 98. Be3 Kb8 99. Bd4 Ka8 100. Bc3 Kb8 101. Bb4 Ka8 102. Ba5 Kb8 103. Bb6 Ka8 104. a7 Kb7 105. Ka5 Ka8 106. Bd4 Kb7 107. Be3 Ka8 108. Bf2 Kb7 109. Kb5 Ka8 110. Kc4 Kb7 111. Kd5 Ka8 112. Ke6 Kb7 113. Kd7 Ka8 114. Bg1 Kb7 115. Kd6 Ka8 116. Kd5 Kb7 117. Kc4 Ka8 118. Kb5 Kb7 119. Be3 Ka8 120. Bd4 Kb7 121. Bc5 Ka8 122. Bb6 Kb7 123. Ka5 Ka8 124. Bc5 Kb7 125. Bd4 Ka8 126. Be3 Kb7 127. Bf2 Ka8 128. Bg1 Kb7 129. Bf2 Ka8 130. Kb5 Kb7 131. Ka5 1/2-1/2


[Site "https://www.chess.com"]

[Event "Titled Tuesday Blitz November 29 Late 2022"]
[White "Graif, William"]
[Black "Weisz, Bryan"]
[WhiteFideId "2609835"]
[BlackFideId "30934133"]
[WhiteElo "2205"]
[BlackElo "2293"]
[Result "0-1"]
[Round "07"]
[TimeControl "180+1"]
[Date "2022.11.30"]
[WhiteClock "0:00:03"]
[BlackClock "0:00:10"]

1. e4 e5 2. f4 Qh4+ 3. g3 Qe7 4. Nc3 exf4 5. d3 fxg3 6. Nf3 gxh2 7. Bg5 Qb4 8. Qd2 Qxb2 9. Rb1 Qa3 10. Nb5 Qc5 11. d4 Qb6 12. e5 Nc6 13. d5 Bb4 14. c3 a6 15. dxc6 axb5 16. Rxb4 bxc6 17. Be3 c5 18. Rxb5 Qc6 19. Be2 Ba6 20. Rb3 Bxe2 21. Qxe2 Ne7 22. Rxh2 Ng6 23. Nd2 O-O 24. Qh5 h6 25. Bxh6 Rfe8 26. Bf4 Kf8 27. Bg3 d6 28. Kd1 Nxe5 29. Qh8+ Ke7 30. Qxg7 Rg8 31. Qh6 Rxg3 32. Qh4+ Ke6 33. Qxg3 Rxa2 34. Qh3+ Ke7 35. Qh4+ Kd7 36. Qh3+ Ke7 37. Qg3 Ra1+ 38. Rb1 Qa4+ 39. Ke2 Qa6+ 40. Ke3 Qd3+ 41. Kf2 Qxd2+ 42. Kg1 Rxb1+ 43. Qe1 Rxe1# 0-1


[Site "https://www.chess.com"]

[Event "Titled Tuesday Blitz November 29 Late 2022"]
[White "Gurevich, Dmitry"]
[Black "Bjelobrk, Igor"]
[WhiteFideId "2000407"]
[BlackFideId "4300726"]
[WhiteElo "2506"]
[BlackElo "2335"]
[Result "0-1"]
[Round "07"]
[TimeControl "180+1"]
[Date "2022.11.30"]
[WhiteClock "0:00:07"]
[BlackClock "0:00:33"]

1. d4 d5 2. c4 c6 3. e3 Nf6 4. Nc3 Bf5 5. cxd5 cxd5 6. Qb3 Nc6 7. Qxb7 Bd7 8. Qb3 Rb8 9. Qd1 e5 10. Nf3 Bd6 11. dxe5 Nxe5 12. Be2 Nxf3+ 13. Bxf3 Qc7 14. h3 O-O 15. O-O Rfd8 16. Qd3 Bh2+ 17. Kh1 Be5 18. Bd2 Rxb2 19. Rfc1 Qc4 20. Qxc4 dxc4 21. Be1 Bf5 22. e4 Be6 23. Nd1 Rb6 24. Bc3 Nd7 25. Rab1 Rdb8 26. Rxb6 Rxb6 27. Kg1 g5 28. Bg4 Bf4 29. Ne3 Bxe3 30. fxe3 Bxg4 31. hxg4 f6 32. Bd4 Rc6 33. Rc3 a6 34. Kf2 Kf7 35. Ke2 Ke6 36. Ra3 Ne5 37. Kd2 Nxg4 38. Kc3 h5 39. Ra4 Nf2 40. Rxc4 Nxe4+ 41. Kd3 Rxc4 42. Kxc4 f5 43. Kb4 Kd5 44. Ba7 h4 45. Ka5 g4 46. Bb8 Nd6 0-1


[Site "https://www.chess.com"]

[Event "Titled Tuesday Blitz November 29 Late 2022"]
[White "Hambleton, Aman"]
[Black "Toniutti, Ezio"]
[WhiteFideId "2606577"]
[BlackFideId "113034"]
[WhiteElo "2538"]
[BlackElo "2215"]
[Result "1-0"]
[Round "07"]
[TimeControl "180+1"]
[Date "2022.11.30"]
[WhiteClock "0:00:02"]
[BlackClock "0:00:01"]

1. d4 d5 2. Bf4 Nf6 3. e3 e6 4. Nd2 Bd6 5. Ngf3 O-O 6. Bd3 c5 7. c3 Qc7 8. Bxd6 Qxd6 9. Ne5 Nc6 10. f4 b6 11. O-O a5 12. Qe2 Ne7 13. Rad1 Bb7 14. g4 Qc7 15. Qg2 a4 16. a3 b5 17. g5 Nd7 18. Qh3 g6 19. Ndf3 Nf5 20. Nxd7 Qxd7 21. Ne5 Qc7 22. Ng4 h5 23. gxh6 Kh8 24. Kh1 b4 25. Rg1 Ba6 26. Bxf5 exf5 27. Ne5 Qd6 28. cxb4 cxb4 29. axb4 Qf6 30. Rc1 Rac8 31. Rc5 Kh7 32. Nd7 Qe7 33. Nxf8+ Rxf8 34. Qf3 Bd3 35. Qg3 Be4+ 36. Rg2 Bxg2+ 37. Kxg2 Qe4+ 38. Qf3 Qb1 39. Qf2 Qe4+ 40. Kg3 Re8 41. Rc3 Re6 42. Qf3 Qb1 43. Qe2 Qg1+ 44. Kh3 Qh1 45. Qg2 Qe1 46. Qg3 Qf1+ 47. Qg2 Qe1 48. Qf3 Qg1 49. b5 Rb6 50. Rc7 Rf6 51. b6 Kxh6 52. b7 Rb6 53. Rc8 Rxb7 54. Qg3 Qf1+ 55. Kh4 1-0


[Site "https://www.chess.com"]

[Event "Titled Tuesday Blitz November 29 Late 2022"]
[White "Hansen, Eric"]
[Black "Mahdavi, Reza"]
[WhiteFideId "2606771"]
[BlackFideId "12595926"]
[WhiteElo "2568"]
[BlackElo "2240"]
[Result "1-0"]
[Round "07"]
[TimeControl "180+1"]
[Date "2022.11.30"]
[WhiteClock "0:01:56"]
[BlackClock "0:02:16"]

1. e4 c5 2. Nf3 e6 3. d4 cxd4 4. Nxd4 Nc6 5. Nc3 Qc7 6. Be3 a6 7. Qd2 Nf6 8. O-O-O Be7 9. f3 d6 10. g4 b5 11. g5 Nd7 12. h4 Na5 13. b3 Bb7 14. Kb1 O-O 15. g6 hxg6 16. h5 g5 17. Bxg5 Bxg5 18. Qxg5 Qxc3 19. Rg1 g6 20. hxg6 f5 21. Qe7 Nf6 22. Nxe6 1-0


[Site "https://www.chess.com"]

[Event "Titled Tuesday Blitz November 29 Late 2022"]
[White "Haszon, David"]
[Black "Schuster, Karsten"]
[WhiteFideId "733610"]
[BlackFideId "4611071"]
[WhiteElo "2211"]
[BlackElo "2294"]
[Result "1-0"]
[Round "07"]
[TimeControl "180+1"]
[Date "2022.11.30"]
[WhiteClock "0:00:16"]
[BlackClock "0:00:05"]

1. d4 d5 2. Bf4 c5 3. e3 cxd4 4. exd4 Nc6 5. c3 Nf6 6. Nf3 Bf5 7. Qb3 Qc8 8. Bb5 a6 9. Bxc6+ Qxc6 10. Ne5 Qc8 11. O-O e6 12. a4 Be7 13. Nd2 O-O 14. Rfe1 Re8 15. h3 Nd7 16. Ndf3 Nf8 17. Re3 f6 18. Nd3 Qc6 19. a5 Kh8 20. Rae1 Rac8 21. Bh2 Bd6 22. Bxd6 Qxd6 23. Nc5 Rb8 24. Qb4 Nd7 25. Nxe6 Qxb4 26. cxb4 Be4 27. Nc5 Nxc5 28. bxc5 Kg8 29. Nd2 Bg6 30. f3 Rxe3 31. Rxe3 Kf7 32. Kf2 Bc2 33. Rc3 Ba4 34. Nb1 Re8 35. Re3 Rc8 36. Nc3 Bc6 37. Na2 Rd8 38. Nb4 Bb5 39. g4 g5 40. Na2 Bc6 41. Nc3 h6 42. b4 Rc8 43. Re2 Rd8 44. Rb2 Ra8 45. Ne2 Bd7 46. Ng3 Re8 47. Re2 Rc8 48. Nf5 Bxf5 49. gxf5 Rc6 50. Kg3 h5 51. f4 Kg7 52. fxg5 fxg5 53. Re5 Kf6 54. Rxd5 Rc7 55. h4 Re7 56. hxg5+ Kxg5 57. f6+ Kxf6 58. Rxh5 Re3+ 59. Kf4 Rb3 60. Rh6+ Kg7 61. Rb6 Rd3 62. Ke4 Rd1 63. Rxb7+ Kf6 64. Rb6+ Ke7 65. Rxa6 Rb1 66. Rb6 Kd7 67. a6 Kc7 68. Rb7+ Kc8 69. b5 Rh1 70. Kd5 Rh5+ 71. Kc4 Rh4 72. b6 Rh3 73. Rc7+ Kb8 74. a7+ Ka8 75. Rc8+ Kb7 76. Rb8+ Kc6 77. d5+ Kd7 78. Rb7+ Ke8 79. d6 Rh4+ 80. Kb5 Rh1 81. Rc7 Ra1 82. c6 Kf8 83. Rd7 Ke8 84. Rh7 Kf8 85. Kc5 Kg8 86. Re7 Kf8 87. Kd5 Re1 88. Rxe1 Kg8 89. b7 Kh8 90. c7 Kg8 91. d7 Kh8 92. Re8+ Kg7 93. d8=Q Kf7 94. c8=Q Kg6 95. b8=Q Kh5 96. a8=Q Kh6 97. Rh8+ Kg7 98. Qg8+ Kf6 99. Qcf8# 1-0


[Site "https://www.chess.com"]

[Event "Titled Tuesday Blitz November 29 Late 2022"]
[White "Indjic, Aleksandar"]
[Black "Hjartarson, Johann"]
[WhiteFideId "911925"]
[BlackFideId "2300044"]
[WhiteElo "2592"]
[BlackElo "2458"]
[Result "1-0"]
[Round "07"]
[TimeControl "180+1"]
[Date "2022.11.30"]
[WhiteClock "0:01:15"]
[BlackClock "0:00:01"]

1. e4 g6 2. h4 h5 3. Nc3 d6 4. Bc4 Bg7 5. d3 c5 6. Nf3 Nc6 7. Ng5 e6 8. a3 a6 9. Ba2 Nf6 10. Ne2 Bd7 11. Nf4 Ne5 12. c3 Rc8 13. f3 b5 14. Be3 Qe7 15. O-O O-O 16. Qe2 Nh7 17. Nfh3 Nxg5 18. hxg5 c4 19. d4 Nd3 20. Bb1 e5 21. Bxd3 exd4 22. cxd4 cxd3 23. Qxd3 Rc4 24. Nf4 Qxg5 25. b3 Rcc8 26. Ne6 Qe7 27. Nxf8 Qxf8 28. Rac1 d5 29. Rxc8 Bxc8 30. e5 Qxa3 31. Qc3 Be6 32. Ra1 Qe7 33. Rxa6 Kh7 34. g3 h4 35. g4 Qb7 36. Ra2 b4 37. Qc5 Qb8 38. Bg5 Bf8 39. Be7 Bxe7 40. Qxe7 Qc8 41. Qxh4+ Kg8 42. Ra1 Qc3 43. Ra8+ Bc8 44. Qd8+ Kg7 45. Qf6+ Kh7 46. Qxf7+ 1-0


[Site "https://www.chess.com"]

[Event "Titled Tuesday Blitz November 29 Late 2022"]
[White "Jaracz, Pawel"]
[Black "O`Gorman, Tom"]
[WhiteFideId "1102222"]
[BlackFideId "2508249"]
[WhiteElo "2459"]
[BlackElo "2271"]
[Result "1-0"]
[Round "07"]
[TimeControl "180+1"]
[Date "2022.11.30"]
[WhiteClock "0:00:06"]
[BlackClock "0:00:09"]

1. c4 Nf6 2. Nf3 g6 3. g3 Bg7 4. Bg2 O-O 5. d4 d6 6. O-O Nc6 7. Nc3 Rb8 8. Re1 a6 9. e4 Bg4 10. Be3 Qd7 11. Qc2 b5 12. cxb5 axb5 13. e5 Ne8 14. Rad1 Na5 15. b3 c6 16. Ne4 Nc7 17. Rc1 Nd5 18. Bd2 b4 19. Nfg5 h6 20. h3 Bf5 21. g4 Bxg4 22. hxg4 hxg5 23. Bf3 f6 24. exf6 exf6 25. Kg2 Rbe8 26. Ng3 Nf4+ 27. Bxf4 gxf4 28. Ne2 f5 29. g5 Qd8 30. Rg1 Qxg5+ 31. Kf1 Qf6 32. Nxf4 g5 33. Nh5 Qxd4 34. Rxg5 Re7 35. Rd1 Qh4 36. Qd2 Qh3+ 37. Bg2 Qc3 38. Qxd6 Rfe8 39. Rxg7+ Rxg7 40. Nf6+ Kf7 41. Nxe8 Kxe8 42. Qe6+ Re7 43. Qg8# 1-0


[Site "https://www.chess.com"]

[Event "Titled Tuesday Blitz November 29 Late 2022"]
[White "Jimenez, Joaquin"]
[Black "Rodriguez Santiago, Jaime"]
[WhiteFideId "109860"]
[BlackFideId "3100898"]
[WhiteElo "2163"]
[BlackElo "2025"]
[Result "0-1"]
[Round "07"]
[TimeControl "180+1"]
[Date "2022.11.30"]
[WhiteClock "0:00:48"]
[BlackClock "0:00:43"]

1. c4 e5 2. Nc3 Nf6 3. g3 Nc6 4. Bg2 Bc5 5. e3 d5 6. cxd5 Nb4 7. d4 exd4 8. exd4 Qe7+ 9. Nge2 Bf5 10. O-O Bd6 11. Bg5 O-O 12. Rc1 h6 13. Bf4 Nd3 14. Bxd6 Qxd6 15. Qb3 Nxc1 16. Rxc1 a6 17. Nf4 Rab8 18. Qa4 Rfe8 19. h3 Ne4 20. Nxe4 Bxe4 21. Qa5 Bxg2 22. Kxg2 Re7 23. Qc5 Rd8 24. b4 g5 25. Nh5 Kf8 26. Qxd6 Rxd6 27. Rc5 b6 28. Rc6 Rxc6 29. dxc6 Re4 30. d5 Rxb4 31. Nf6 Rd4 32. Nd7+ Ke7 33. Nb8 a5 0-1


[Site "https://www.chess.com"]

[Event "Titled Tuesday Blitz November 29 Late 2022"]
[White "Jobava, Baadur"]
[Black "Pap, Gyula"]
[WhiteFideId "13601520"]
[BlackFideId "725323"]
[WhiteElo "2582"]
[BlackElo "2519"]
[Result "1-0"]
[Round "07"]
[TimeControl "180+1"]
[Date "2022.11.30"]
[WhiteClock "0:00:07"]
[BlackClock "0:00:05"]

1. e4 e6 2. d4 d5 3. exd5 exd5 4. Nf3 Nc6 5. Nc3 Nf6 6. Bg5 Bg4 7. Bb5 Bb4 8. h3 Qe7+ 9. Kf1 Bxf3 10. Qxf3 Bxc3 11. bxc3 O-O 12. Re1 Qd6 13. Bxf6 Qxf6 14. Qxd5 Rad8 15. Qf3 Qxf3 16. gxf3 Rd6 17. Re3 Rfd8 18. Ke2 Kf8 19. Kd2 Ne7 20. Rhe1 c6 21. Rxe7 cxb5 22. Rxb7 a6 23. Re3 Rf6 24. Ra7 g6 25. Kd3 Rc6 26. Ree7 Rf6 27. Re3 Rc6 28. Kd2 Rd5 29. Re5 Rd8 30. h4 Rf6 31. Re3 h5 32. a3 Rdd6 33. Ke2 Rc6 34. Rd3 Rf4 35. d5 Rd6 36. Rd4 Rf5 37. Ke3 Kg7 38. f4 Rfxd5 39. Rxd5 Rxd5 40. Rxa6 Rc5 41. Kd3 Rd5+ 42. Ke4 Rc5 43. Kd4 Rc4+ 44. Kd3 Rxf4 45. Rb6 Rxh4 46. Rxb5 Rf4 47. Ke3 Rc4 48. Kd3 Ra4 49. Rb3 h4 50. c4 h3 51. Kd2 Rxc4 52. Rxh3 Ra4 53. Rf3 g5 54. Rb3 Kg6 55. Kd3 g4 56. c4 f5 57. c5 Kg5 58. c6 Ra7 59. Kd4 f4 60. Kd5 Kh4 61. Kd6 g3 62. fxg3+ fxg3 63. c7 Ra6+ 64. Kd7 Ra7 65. Rb4+ Kh3 66. Rb3 Kh2 67. Kd8 g2 68. Rb2 Rxa3 69. c8=Q Rd3+ 70. Ke7 Re3+ 71. Kd6 Rf3 72. Qh8+ Kg1 73. Rb1+ Kf2 74. Qh4+ Ke2 75. Qe1+ Kd3 76. Rb3+ Kc4 77. Rxf3 1-0


[Site "https://www.chess.com"]

[Event "Titled Tuesday Blitz November 29 Late 2022"]
[White "Joubert, Dantelle"]
[Black "Stanisz, Patryk"]
[WhiteFideId "14310813"]
[BlackFideId "1123106"]
[WhiteElo "1507"]
[BlackElo "2069"]
[Result "1-0"]
[Round "07"]
[TimeControl "180+1"]
[Date "2022.11.30"]
[WhiteClock "0:00:08"]
[BlackClock "0:00:03"]

1. d4 d5 2. c4 c6 3. Nc3 Nf6 4. e3 e6 5. Nf3 Nbd7 6. Be2 dxc4 7. a4 a5 8. Bxc4 Qc7 9. O-O Be7 10. e4 e5 11. dxe5 Nxe5 12. Nxe5 Qxe5 13. Qe2 O-O 14. f4 Qc7 15. e5 Bg4 16. Qf2 Nd7 17. Be3 Be6 18. Bd3 f5 19. exf6 Nxf6 20. Qh4 Rad8 21. Bc2 h6 22. Qe1 Nd5 23. Nxd5 Bxd5 24. Qg3 Bf6 25. Qg6 Qd6 26. Rae1 Rd7 27. Qh7+ Kf7 28. Bg6+ Ke7 29. Bc5+ Be6 30. Bxd6+ Rxd6 31. Bf5 Bd4+ 32. Kh1 Kd7 33. Bxe6+ Rxe6 34. Rxe6 Kxe6 35. Qe4+ Kf7 36. Qxd4 Kg8 37. Qc4+ Kh8 38. f5 Rxf5 39. Rxf5 1-0


[Site "https://www.chess.com"]

[Event "Titled Tuesday Blitz November 29 Late 2022"]
[White "Kaganskiy, Gleb"]
[Black "Tan, Ralph"]
[WhiteFideId "4132025"]
[BlackFideId "30966590"]
[WhiteElo "2165"]
[BlackElo "2059"]
[Result "1/2-1/2"]
[Round "07"]
[TimeControl "180+1"]
[Date "2022.11.30"]
[WhiteClock "0:00:09"]
[BlackClock "0:00:13"]

1. e4 e6 2. d4 d5 3. e5 c5 4. c3 Nc6 5. Nf3 Qb6 6. Bd3 Bd7 7. dxc5 Bxc5 8. O-O a5 9. Nbd2 Nge7 10. c4 Ng6 11. cxd5 exd5 12. Nb3 Be6 13. Nxc5 Qxc5 14. Be3 Qb4 15. a3 Qg4 16. h3 Qh5 17. Be2 Ngxe5 18. Nd4 Qh4 19. f4 Nc4 20. Bxc4 dxc4 21. Nxe6 fxe6 22. f5 O-O 23. fxe6 Qe4 24. Bc5 Rxf1+ 25. Qxf1 Qxe6 26. Rc1 b5 27. a4 Qd5 28. Qf2 bxa4 29. Ba3 h6 30. Qc5 Qxc5+ 31. Bxc5 Ne5 32. Bd4 Nd3 33. Rxc4 Rb8 34. Rxa4 Rb5 35. Kf1 g5 36. Ke2 Nf4+ 37. Kd2 Nxg2 38. Bc3 Nf4 39. h4 Rd5+ 40. Kc2 Ng2 41. hxg5 hxg5 42. Rxa5 Ne3+ 43. Kb3 Rxa5 44. Bxa5 g4 45. Bc7 Kf7 46. Bb8 Ke6 47. Kc3 Nd5+ 48. Kd2 Kf5 49. Ke2 Ke4 50. Kf2 Nb4 51. Kg3 Kf5 52. b3 Nd3 53. Bc7 Nc5 54. Bb8 Nxb3 55. Kg2 Nd2 56. Kg3 Ne4+ 57. Kg2 Ng5 58. Kg3 Nf3 59. Kg2 Nh4+ 60. Kg3 Ng6 61. Kg2 Ne7 62. Kg3 Nd5 63. Kg2 Nf6 64. Kg3 Ne4+ 65. Kg2 Ke6 66. Bh2 Kd5 67. Bg3 Kd4 68. Bh2 Ke3 69. Bg3 Ke2 70. Bh2 Ke3 71. Bg3 Ng5 72. Bb8 Ne4 73. Bg3 1/2-1/2


[Site "https://www.chess.com"]

[Event "Titled Tuesday Blitz November 29 Late 2022"]
[White "Keymer, Vincent"]
[Black "Kobo, Ori"]
[WhiteFideId "12940690"]
[BlackFideId "2812320"]
[WhiteElo "2600"]
[BlackElo "2447"]
[Result "1-0"]
[Round "07"]
[TimeControl "180+1"]
[Date "2022.11.30"]
[WhiteClock "0:00:02"]
[BlackClock "0:00:01"]

1. a3 Nf6 2. Nf3 g6 3. b4 Bg7 4. Bb2 O-O 5. e3 d6 6. c4 e5 7. d3 a5 8. b5 Re8 9. Be2 Nfd7 10. Nc3 Nc5 11. O-O a4 12. Rb1 Bf5 13. h3 h5 14. Nd5 Nbd7 15. Bc3 Nf6 16. e4 Bd7 17. Nd2 Ne6 18. Rb4 Nxd5 19. cxd5 Nf4 20. Nf3 g5 21. Nh2 g4 22. hxg4 Qg5 23. Bd2 hxg4 24. Bxg4 Bxg4 25. Nxg4 f5 26. exf5 Qxf5 27. Qf3 Rf8 28. Bxf4 exf4 29. Rc1 Rf7 30. Re4 Raf8 31. Re6 Qg5 32. Rc4 Qh4 33. Rg6 Kh7 34. Re6 Rf5 35. Qh3 Qxh3 36. gxh3 R8f7 37. Rxa4 Rxd5 38. Ree4 Rxb5 39. Rxf4 Rxf4 40. Rxf4 Kg8 41. Rc4 c6 42. a4 Rb3 43. Ne3 Rxd3 44. Rb4 d5 45. Rxb7 d4 46. Nf5 Bf8 47. Rc7 c5 48. Rc8 Rxh3 49. a5 Ra3 50. Ne7+ Kf7 51. Nc6 d3 52. Ne5+ Kg7 53. Rd8 Rxa5 54. Rxd3 Ra4 55. Rd7+ Kg8 56. Rc7 Rd4 57. Rc8 Kg7 58. Kg2 Rd5 59. f4 Rd4 60. Kf3 Be7 61. Rc7 Kf6 62. Ng4+ Ke6 63. f5+ Kd6 64. Ra7 c4 65. Ra6+ Kc5 66. Re6 Bd8 67. f6 Bxf6 68. Nxf6 Rd3+ 69. Kf4 Kb4 70. Ne4 Rd4 71. Ke3 Rd3+ 72. Ke2 Rd4 73. Nf2 Kb5 74. Ke3 Rd8 75. Ne4 Rh8 76. Kd4 Rh1 77. Re5+ Kc6 78. Rc5+ Kd7 79. Rxc4 Rh4 80. Kd5 Rh5+ 81. Kd4 Rh1 82. Ra4 Ke7 83. Ke5 Rh5+ 84. Kf4 Rh4+ 85. Kg5 Rh1 86. Ng3 Rg1 87. Kf4 Rb1 88. Nf5+ Kf6 89. Ra6+ Kf7 90. Nd4 Rf1+ 91. Ke5 Re1+ 92. Kd5 Rd1 93. Ke4 Re1+ 94. Kf4 Rf1+ 95. Nf3 Rb1 96. Ke4 Rb4+ 97. Kf5 Rb1 98. Ne5+ Ke7 99. Re6+ Kd8 100. Rh6 Kc7 101. Rh7+ Kc8 102. Ke6 Rb6+ 103. Kd5 Rb1 104. Nc6 Rd1+ 105. Nd4 Rg1 106. Kd6 Rd1 107. Kc5 Rc1+ 108. Kd5 Rd1 109. Rg7 Rh1 110. Nb5 Rh5+ 111. Kc6 Kd8 112. Nc7 Rh6+ 113. Kd5 Rh4 114. Ne6+ Kc8 115. Kd6 Rh8 116. Kc6 Re8 117. Nc5 1-0


[Site "https://www.chess.com"]

[Event "Titled Tuesday Blitz November 29 Late 2022"]
[White "Khandelwal, Ankush"]
[Black "Dias, Joao Batista"]
[WhiteFideId "413470"]
[BlackFideId "2108240"]
[WhiteElo "2271"]
[BlackElo "1898"]
[Result "1-0"]
[Round "07"]
[TimeControl "180+1"]
[Date "2022.11.30"]
[WhiteClock "0:02:29"]
[BlackClock "0:02:34"]

1. e4 e5 2. Nf3 Nc6 3. d4 exd4 4. Nxd4 Nxd4 5. Qxd4 Qf6 6. Qd1 Bc5 7. Qe2 Ne7 8. Nc3 c6 9. e5 Qg6 10. Ne4 Bb6 11. Nd6+ Kf8 12. h4 h5 13. Rh3 Nf5 14. Nxf5 Qxf5 15. Rf3 Qe6 16. Bg5 Bc7 17. O-O-O Qxe5 18. Re3 1-0


[Site "https://www.chess.com"]